 Dungeon Crawl Stone Soup version 0.29.0-4-gdea44cf6ec (webtiles) character file.

Game seed: 15552489461324637900

1407 qw the Cleaver (level 8, -1/48 HPs)
             Began as a Tengu Warper on Aug 28, 2022.
             Slain by a gnoll
             ... wielding a +0 spear
              (4 damage)
             ... on level 6 of the Dungeon.
             The game lasted 00:00:41 (6911 turns).

qw the Cleaver (Tengu Warper)                       Turns: 6911, Time: 00:00:41

Health: -1/48      AC: 13    Str: 13 (14) XL:     8   Next: 70%
Magic:  12/12      EV:  5    Int: 12 (14) God:
Gold:   261        SH:  0    Dex: 12 (13) Spells: 11/11 levels left

rFire   . . .      SeeInvis .   Y - +0 war axe (vorpal)
rCold   . . .      Faith    .   (no shield)
rNeg    . . .      Spirit   .   o - +0 plate armour
rPois   .          Reflect  .   (helmet restricted)
rElec   .          Harm     .   (no cloak)
rCorr   .          Rampage  .   m - +0 pair of gloves
Will    .....                   (boots unavailable)
Stlth   ..........              (no amulet)
HPRegen 0.16/turn               (no ring)
MPRegen 0.13/turn               (no ring)

@: about to teleport, flying quickly and evasively, quick
A: beak, talons 3, nimble flight
a: no special abilities


You were on level 6 of the Dungeon.
You visited 1 branch of the dungeon, and saw 6 of its levels.
You also visited: Sewer.

You collected 261 gold pieces.


Innate Abilities, Weirdness & Mutations

You have a beak for a mouth.
You have claws for feet.
Your magical nature lets you fly swiftly and evasively.


   Skills:
 - Level 4.2 Fighting
 - Level 10.0 Axes
 - Level 1.0 Throwing
 + Level 4.1 Armour
 - Level 2.1 Dodging
 - Level 2.0 Spellcasting
 - Level 2.4 Translocations


You had 11 spell levels left.
You didn't know any spells.
Your spell library contained the following spells:

 Spells                   Type           Power      Damage    Failure   Level
 Blink                    Tloc           12%        N/A       100%        2
 Gell's Gravitas          Tloc           6%         N/A       100%        3
 Lesser Beckoning         Tloc           6%         N/A       100%        3
 Teleport Other           Tloc           6%         N/A       100%        3
 Manifold Assault         Tloc           6%         N/A       100%        5

Inventory:

Hand Weapons
 b - a +0 flail
 Y - a +0 vorpal war axe (weapon)
Armour
 m - a +0 pair of gloves (worn)
 o - a +0 plate armour (worn)
Scrolls
 a - a scroll of identify
 p - a scroll of teleportation
Potions
 d - a potion of haste
 g - a potion of invisibility {unknown}
 h - 4 potions of curing
 j - a potion of lignification {unknown}
 k - a potion of might {unknown}
 l - a potion of magic {unknown}
 n - a potion of berserk rage {unknown}

Dungeon Overview and Level Annotations

Branches:
Dungeon (6/15)              Sewer (visited)
 Temple: D:4-7

Altars:
Hepliaklqana
The Shining One


Message History

You now have 261 gold pieces (gained 9).
A gnoll comes into view. It is wielding a +0 club.
Found a scroll of identify and 10 gold pieces.
You slash the gnoll!
You kill the gnoll!
A gnoll comes into view. It is wielding a +0 flail.
The gnoll shouts!
Things that are here:
a +0 club; a gnoll corpse A gnoll comes into view.
It is wielding a +0 spear.
An ogre comes into view. It is wielding a +0 giant club.
6903 ||| Stepping ~*~*~tactically~*~*~ (stealth).
The ogre shouts!
The gnoll shouts!
The gnoll hits you but does no damage.
You barely miss the gnoll. Your kick misses the gnoll.
The gnoll hits you but does no damage. The gnoll hits you with a +0 flail.
You barely miss the ogre. You hit the gnoll but do no damage.
The gnoll hits you from afar with a +0 spear.
The ogre hits you but does no damage. The gnoll hits you but does no damage.
You closely miss the ogre. You claw the ogre.
The ogre is lightly wounded.
You closely miss the gnoll. The gnoll hits you but does no damage.
The gnoll hits you with a +0 flail. The ogre hits you with a +0 giant club!
You hit the ogre. You claw the ogre.
The ogre is heavily wounded.
You hit the gnoll but do no damage.
The gnoll hits you from afar with a +0 spear.
The gnoll hits you with a +0 flail.
You barely miss the ogre. You claw the ogre.
The ogre is heavily wounded.
You closely miss the gnoll. The gnoll barely misses you.
The ogre hits you with a +0 giant club! The gnoll barely misses you.
6911 ||| READING 2 scrolls of teleportation.
As you read the scroll of teleportation, it crumbles to dust.
You feel strangely unstable.
The gnoll hits you from afar with a +0 spear.
You die...

#.# #.# #.# #.# # #.#
.#### #. #.# .....
###..## ######.#########
......O##.........###
.....gg@.)..........####
..#?##.##.######........
#. #.# #....#### #. #.#
#..### # #. #.# #..# #
.. $.# #.%###### #. ###
#...../.. #. ##.#####.
#....###


You could see an ogre and 2 gnolls.

Vanquished Creatures
  A water moccasin (D:5)
  An ogre (D:5)
  A phantom (D:5)
  6 kobold brigands (Sewer)
  3 scorpions
  A necrophage (D:4)
  A hound (D:5)
  A jelly (D:4)
  A gnoll bouda (D:5)
  An orc priest (D:3)
  Terence (D:2)
  2 iguanas (D:5)
  12 gnolls
  8 adders
  2 river rats
  An ufetubus (D:5)
  5 worms
  2 dart slugs
  9 orcs
  4 bats
  3 endoplasms
  7 goblins
  10 hobgoblins
  7 kobolds
  2 quokkas (D:1)
  6 ball pythons
  7 rats
105 creatures vanquished.

Notes
Turn   | Place    | Note
-------+----------+-------------------------------------------
     0 | D:1      | qw the Tengu Warper began the quest for the Orb.
     0 | D:1      | Reached XP level 1. HP: 12/12 MP: 4/4
     0 | D:1      | 0 ||| qw: Version: 0.1-a-89-g26bdef1
     0 | D:1      | 0 ||| qw: Game counter: 1717
     0 | D:1      | 0 ||| qw: Always use a shield: true
     0 | D:1      | 0 ||| qw: God list: Okawaru
     0 | D:1      | 0 ||| qw: Allow faded altars: false
     0 | D:1      | 0 ||| qw: Do Orc after D:15 true
     0 | D:1      | 0 ||| qw: Do second Lair branch before Depths: true
     0 | D:1      | 0 ||| qw: Lair rune preference: random
     0 | D:1      | 0 ||| qw: Plans: Normal
     0 | D:1      | 0 ||| PLANNING D:1-11
   339 | D:1      | Reached skill level 3 in Axes
   339 | D:1      | Reached XP level 2. HP: 16/17 MP: 6/6
   548 | D:1      | 548 ||| Stepping ~*~*~tactically~*~*~ (stealth).
   552 | D:1      | 552 ||| Stepping ~*~*~tactically~*~*~ (stealth).
   785 | D:1      | Reached XP level 3. HP: 21/21 MP: 7/7
   930 | D:1      | 930 ||| UPGRADING to +0 chain mail.
   940 | D:1      | 940 ||| DROPPING +0 leather armour.
   941 | D:1      | 941 ||| READING 2 scrolls labelled HEES ULOCZU.
   942 | D:1      | 942 ||| READING scroll labelled DIXTAE OHOSK.
   943 | D:1      | 943 ||| READING scroll labelled KEFFEO EGAO.
   944 | D:1      | 944 ||| DROPPING scroll of blinking.
   998 | D:2      | Found a hazy altar of Hepliaklqana.
  1003 | D:2      | 1003 ||| Stepping ~*~*~tactically~*~*~ (stealth).
  1004 | D:2      | 1004 ||| Stepping ~*~*~tactically~*~*~ (stealth).
  1008 | D:2      | 1008 ||| Stepping ~*~*~tactically~*~*~ (stealth).
  1009 | D:2      | 1009 ||| Stepping ~*~*~tactically~*~*~ (stealth).
  1013 | D:2      | Reached skill level 4 in Axes
  1027 | D:2      | HP: 6/31 [gnoll/+0 flail (3)]
  1029 | D:2      | Reached XP level 4. HP: 6/26 MP: 8/8
  1329 | D:2      | Noticed Terence
  1330 | D:2      | 1330 ||| DROPPING +0 club.
  1345 | D:2      | HP: 6/26 [Terence/+0 mace (7)]
  1353 | D:2      | Killed Terence
  1354 | D:2      | Reached skill level 5 in Axes
  1429 | D:2      | 1429 ||| Stepping ~*~*~tactically~*~*~ (stealth).
  1436 | D:2      | 1436 ||| Stepping ~*~*~tactically~*~*~ (stealth).
  1834 | D:2      | Found a faded altar of an unknown god.
  2039 | D:2      | 2039 ||| READING scroll labelled ZION LEICRE.
  2040 | D:2      | 2040 ||| DRINKING 2 fizzy orange potions.
  2041 | D:2      | 2041 ||| DRINKING 2 glowing grey potions.
  2232 | D:3      | Found a glowing golden altar of the Shining One.
  2248 | D:3      | Gained mutation: Your magical nature lets you fly swiftly
                  | and evasively. [Tengu growth]
  2248 | D:3      | Reached XP level 5. HP: 25/30 MP: 9/9
  2358 | D:3      | 2358 ||| Stepping ~*~*~tactically~*~*~ (hiding).
  2359 | D:3      | 2359 ||| Stepping ~*~*~tactically~*~*~ (hiding).
  2360 | D:3      | 2360 ||| Stepping ~*~*~tactically~*~*~ (hiding).
  2362 | D:3      | 2362 ||| Stepping ~*~*~tactically~*~*~ (hiding).
  2370 | D:3      | 2370 ||| FLEEEEING.
  2372 | D:3      | 2372 ||| FLEEEEING.
  2373 | D:3      | 2373 ||| FLEEEEING.
  2374 | D:3      | 2374 ||| FLEEEEING.
  2375 | D:3      | 2375 ||| FLEEEEING.
  2376 | D:3      | 2376 ||| FLEEEEING.
  2377 | D:3      | 2377 ||| FLEEEEING.
  2378 | D:3      | 2378 ||| FLEEEEING.
  2380 | D:3      | 2380 ||| FLEEEEING.
  2381 | D:3      | 2381 ||| FLEEEEING.
  2383 | D:3      | 2383 ||| FLEEEEING.
  2384 | D:3      | 2384 ||| FLEEEEING.
  2387 | D:3      | 2387 ||| FLEEEEING.
  2388 | D:3      | 2388 ||| FLEEEEING.
  2389 | D:3      | 2389 ||| FLEEEEING.
  2390 | D:3      | 2390 ||| FLEEEEING.
  2391 | D:3      | 2391 ||| FLEEEEING.
  2392 | D:3      | 2392 ||| FLEEEEING.
  2393 | D:3      | 2393 ||| FLEEEEING.
  2394 | D:3      | 2394 ||| FLEEEEING.
  2395 | D:3      | 2395 ||| FLEEEEING.
  2397 | D:3      | 2397 ||| FLEEEEING.
  2398 | D:3      | 2398 ||| FLEEEEING.
  2399 | D:3      | 2399 ||| FLEEEEING.
  2414 | D:3      | 2414 ||| FLEEEEING.
  2417 | D:3      | 2417 ||| FLEEEEING.
  2418 | D:3      | 2418 ||| FLEEEEING.
  2419 | D:3      | 2419 ||| STAIRDANCE
  2461 | D:2      | 2461 ||| READING scroll labelled GUHICVAOSA.
  2462 | D:2      | 2462 ||| READING scroll labelled OWOSIPRE XUHE.
  2463 | D:2      | 2463 ||| READING scroll labelled SEUGAV IMAGOSH.
  2633 | D:3      | Reached skill level 6 in Axes
  2634 | D:3      | 2634 ||| Stepping ~*~*~tactically~*~*~ (stealth).
  2635 | D:3      | 2635 ||| Stepping ~*~*~tactically~*~*~ (stealth).
  2645 | D:3      | 2645 ||| FLEEEEING.
  2646 | D:3      | 2646 ||| FLEEEEING.
  2647 | D:3      | 2647 ||| FLEEEEING.
  2648 | D:3      | 2648 ||| FLEEEEING.
  2649 | D:3      | 2649 ||| FLEEEEING.
  2650 | D:3      | 2650 ||| FLEEEEING.
  2651 | D:3      | 2651 ||| FLEEEEING.
  2658 | D:3      | 2658 ||| FLEEEEING.
  2659 | D:3      | 2659 ||| FLEEEEING.
  2660 | D:3      | 2660 ||| FLEEEEING.
  2661 | D:3      | 2661 ||| FLEEEEING.
  2662 | D:3      | 2662 ||| FLEEEEING.
  2663 | D:3      | 2663 ||| FLEEEEING.
  2664 | D:3      | 2664 ||| FLEEEEING.
  2665 | D:3      | 2665 ||| FLEEEEING.
  2669 | D:3      | 2669 ||| FLEEEEING.
  2670 | D:3      | 2670 ||| FLEEEEING.
  2671 | D:3      | 2671 ||| FLEEEEING.
  2672 | D:3      | 2672 ||| FLEEEEING.
  2673 | D:3      | 2673 ||| FLEEEEING.
  2674 | D:3      | 2674 ||| FLEEEEING.
  2675 | D:3      | 2675 ||| FLEEEEING.
  2676 | D:3      | 2676 ||| FLEEEEING.
  2677 | D:3      | 2677 ||| FLEEEEING.
  2678 | D:3      | 2678 ||| FLEEEEING.
  2679 | D:3      | 2679 ||| FLEEEEING.
  2680 | D:3      | 2680 ||| FLEEEEING.
  2681 | D:3      | 2681 ||| FLEEEEING.
  2682 | D:3      | 2682 ||| FLEEEEING.
  2683 | D:3      | 2683 ||| FLEEEEING.
  2684 | D:3      | 2684 ||| FLEEEEING.
  2692 | D:3      | 2692 ||| FLEEEEING.
  2702 | D:3      | 2702 ||| STAIRDANCE
  2931 | D:3      | 2931 ||| SWAPPING to +0 war axe.
  2933 | D:3      | 2933 ||| FLEEEEING.
  2934 | D:3      | 2934 ||| FLEEEEING.
  2935 | D:3      | 2935 ||| FLEEEEING.
  2936 | D:3      | 2936 ||| FLEEEEING.
  2937 | D:3      | 2937 ||| FLEEEEING.
  2938 | D:3      | 2938 ||| FLEEEEING.
  2939 | D:3      | 2939 ||| FLEEEEING.
  2953 | D:3      | 2953 ||| Stepping ~*~*~tactically~*~*~ (hiding).
  2973 | D:3      | 2973 ||| DROPPING +0 vorpal hand axe.
  3054 | D:4      | 3054 ||| PLANNING SEWER
  3091 | D:4      | Found a glowing drain.
  3112 | D:4      | Reached skill level 3 in Armour
  3112 | D:4      | Reached XP level 6. HP: 27/35 MP: 10/10
  3185 | Sewer    | Entered a sewer
  3462 | Sewer    | Reached skill level 7 in Axes
  3626 | Sewer    | Reached skill level 3 in Fighting
  3626 | Sewer    | Reached XP level 7. HP: 26/41 MP: 11/11
  4147 | Sewer    | Reached skill level 8 in Axes
  4289 | Sewer    | 4289 ||| DRINKING 2 glowing yellow potions.
  4315 | D:4      | 4315 ||| PLANNING D:1-11
  4974 | D:4      | 4974 ||| UPGRADING to +0 pair of gloves.
  4979 | D:4      | 4979 ||| UPGRADING to +0 plate armour.
  4989 | D:4      | 4989 ||| DROPPING +0 chain mail.
  4990 | D:4      | 4990 ||| READING 2 scrolls of identify.
  4990 | D:4      | 4990 ||| IDENTIFYING white potion
  4991 | D:4      | 4991 ||| DROPPING potion of attraction.
  5025 | D:5      | Entered Level 5 of the Dungeon
  5031 | D:5      | HP: 10/41 [gnoll/+0 flail[a gnoll bouda] (2)]
  5032 | D:5      | 5032 ||| DRINKING 2 potions of heal wounds.
  5039 | D:5      | HP: 8/41 [iguana (11)]
  5040 | D:5      | 5040 ||| DRINKING potion of heal wounds.
  5046 | D:5      | Reached XP level 8. HP: 21/46 MP: 12/12
  5140 | D:5      | 5140 ||| FLEEEEING.
  5141 | D:5      | 5141 ||| STAIRDANCE
  5270 | D:5      | HP: 7/46 [water moccasin (7)]
  5272 | D:5      | HP: 3/46 [poisoned by a water moccasin]
  5273 | D:5      | Reached skill level 9 in Axes
  6322 | D:5      | 6322 ||| READING scroll of brand weapon.
  6322 | D:5      | 6322 ||| BRANDING +0 war axe.
  6542 | D:5      | 6542 ||| READING scroll labelled OXUBLAO ZOGEMI.
  6684 | D:5      | 6684 ||| READING 3 scrolls labelled ZOXUXO IPLI.
  6689 | D:5      | 6689 ||| DRINKING 2 grey potions.
  6690 | D:5      | 6690 ||| READING 2 scrolls of identify.
  6690 | D:5      | 6690 ||| IDENTIFYING viscous brown potion
  6691 | D:5      | 6691 ||| DROPPING potion of brilliance.
  6692 | D:5      | 6692 ||| DROPPING potion of degeneration.
  6758 | D:6      | Reached skill level 10 in Axes
  6903 | D:6      | 6903 ||| Stepping ~*~*~tactically~*~*~ (stealth).
  6910 | D:6      | HP: 3/48 [ogre/+0 giant club (13)]
  6911 | D:6      | 6911 ||| READING 2 scrolls of teleportation.
  6911 | D:6      | Slain by a gnoll

Levels and vault maps discovered:
D:1:      minmay_arrival_loop, layout_loops_cross, chequers_jeans,
          nicolae_eternal_life
D:2:      layout_rooms, basic_altar, shapermc_ecumenical_altar_totnotflames,
          uniq_terence
D:3:      layout_basic, tso_metal_star
D:4:      layout_loops_ring, cheibrodos_sewer_entry_sluice,
          kennysheep_generic_room_10
D:5:      layout_gridville
D:6:      layout_loops_ring, minmay_misc_feat_enclosed

Skill      XL: |  1  2  3  4  5  6  7  8 |
---------------+-------------------------+-----
Axes           | 3 4 5 6 7 8 10 | 10.0
Armour         | 3 4 |  4.1
Fighting       | 3 4 |  4.2
Throwing       | |  1.0
Dodging        | |  2.1
Spellcasting   | |  2.0
Translocations | |  2.4

Action                   |  1- 3 |  4- 6 |  7- 9 || total
-------------------------+-------+-------+-------++-------
Melee: Hand axe          |    65 |    71 |       ||   136
       Kick              |    15 |    33 |    45 ||    93
       Punch             |     2 |     1 |     3 ||     6
       Peck              |     1 |    24 |    34 ||    59
       War axe           |       |    60 |   159 ||   219
Throw: Boomerang         |     7 |    34 |       ||    41
  Use: Scroll            |     3 |     4 |     6 ||    13
       Potion            |       |     2 |     4 ||     6
 Stab: Sleeping          |     1 |       |       ||     1
Armor: Leather armour    |     7 |       |       ||     7
       Skin              |    20 |     6 |       ||    26
       Chain mail        |     1 |    42 |    18 ||    61
       Plate armour      |       |       |    85 ||    85
Dodge: Dodged            |    26 |    28 |    44 ||    98

Table legend:
 A = Non-vault XP
 B = Vault XP
 C = Vault XP percentage of total XP
 D = Non-vault monster count
 E = Vault monster count
 F = Vault count percentage of total count
                 A         B        C        D         E       F
            +---------+---------+-------+---------+---------+-------
      Total |    1271 |     740 |  36.8 |      73 |      32 |  30.5
            +---------+---------+-------+---------+---------+-------
        D:1 |      37 |       0 |   0.0 |      19 |       0 |   0.0
        D:2 |      75 |      36 |  32.4 |      13 |       1 |   7.1
        D:3 |      84 |       0 |   0.0 |      12 |       0 |   0.0
        D:4 |     146 |      15 |   9.3 |       8 |       3 |  27.3
        D:5 |     826 |       0 |   0.0 |      19 |       0 |   0.0
        D:6 |     103 |       0 |   0.0 |       2 |       0 |   0.0
      Sewer |       0 |     689 | 100.0 |       0 |      28 | 100.0
            +---------+---------+-------+---------+---------+-------
